 Dungeon Crawl Stone Soup version 0.29.1-12-g30fa7ad0bf (webtiles) character file.

Game seed: 7595391778700274203

91 Radix the Cutter (level 4, -1/30 HPs)
             Began as a Human Enchanter on Dec 17, 2022.
             Slain by a gnoll
             ... wielding a +0 flail
              (7 damage)
             ... on level 2 of the Dungeon.
             The game lasted 00:12:22 (1839 turns).

Radix the Cutter (Human Enchanter)                  Turns: 1839, Time: 00:12:23

Health: -1/30      AC:  3    Str:  6 (8)  XL:     4   Next: 87%
Magic:  16/16      EV:  6    Int: 13 (15) God:
Gold:   95         SH:  0    Dex: 15 (16) Spells: 7/7 levels left

rFire   + . .      SeeInvis .   q - +11 sling of Eternal Vigilance {venom, rF+ rC+ MP+9}
rCold   + . .      Faith    .   (no shield)
rNeg    . . .      Spirit   .   d - +0 leather armour
rPois   .          Reflect  +   (no helmet)
rElec   .          Harm     .   (no cloak)
rCorr   .          Rampage  .   (no gloves)
Will    .....                   (no boots)
Stlth   ++........              g - amulet of reflection
HPRegen 0.10/turn               (no ring)
MPRegen 0.15/turn               (no ring)

@: held
A: no striking features
a: no special abilities


You were on level 2 of the Dungeon.
You visited 1 branch of the dungeon, and saw 3 of its levels.

You collected 95 gold pieces.

Inventory:

Hand Weapons
 a - a +1 dagger
 e - a +2 dagger of holy wrath
 q - the +11 sling of Eternal Vigilance (weapon) {venom, rF+ rC+ MP+9}
   (You found it on level 2 of the Dungeon)

   Any ammunition fired from it poisons the flesh of those it strikes.
   rF:        It protects you from fire.
   rC:        It protects you from cold.
   MP:        It affects your magic capacity (+9).
 s - a +0 rapier
Armour
 b - a +0 robe
 d - a +0 leather armour (worn)
 n - a +0 pair of gloves
Jewellery
 g - an amulet of reflection (around neck)
Scrolls
 f - 2 scrolls of teleportation {unknown}
 h - a scroll of enchant weapon {unknown}
 i - a scroll of amnesia {unknown}
 j - a scroll of blinking {unknown}
 l - a scroll of identify {unknown}
 o - 4 scrolls of magic mapping {unknown}
 r - a scroll of noise {unknown}
 t - a scroll of enchant armour {unknown}
 u - a scroll of poison {unknown}
Potions
 c - a potion of invisibility
 k - a potion of mutation {unknown}
 m - a potion of brilliance {unknown}
 p - a potion of cancellation {unknown}
 v - a potion of degeneration
 w - a potion of curing {unknown}


   Skills:
 - Level 3.7 Short Blades
 + Level 1.5 Ranged Weapons
 - Level 2.0 Dodging
 - Level 3.0 Stealth
 - Level 2.0 Spellcasting
 - Level 3.0 Hexes


You had 7 spell levels left.
You didn't know any spells.
Your spell library contained the following spells:

 Spells                   Type           Power      Damage    Failure   Level
 Ensorcelled Hibernation  Hex/Ice        10%        N/A       32%         2
 Confusing Touch          Hex            9%         N/A       34%         3
 Tukima's Dance           Hex            9%         N/A       34%         3
 Beastly Appendage        Tmut           2%         N/A       36%         1
 Wereblood                Tmut           1%         N/A       52%         2
 Dazzling Flash           Conj/Hex       10%        N/A       54%         3
 Spider Form              Tmut/Pois      1%         N/A       75%         3


Dungeon Overview and Level Annotations

Branches:
Dungeon (3/15)

Altars:


Message History

You shoot a sling bullet. The sling bullet hits the gnoll.
The gnoll is heavily wounded.
The gnoll hits you with a +0 flail.
Fire: q) +11 sling of Eternal Vigilance {venom, rF+ rC+ MP+9}
Press: ? - help, Q - select action Shift-Dir - straight line, f/p - gnoll
Aim: a gnoll, wielding a +0 flail and quivering 2 throwing nets (heavily wounded, 72% to hit)
You shoot a sling bullet.
The sling bullet closely misses the gnoll.
The gnoll closely misses you.
Fire: q) +11 sling of Eternal Vigilance {venom, rF+ rC+ MP+9}
Press: ? - help, Q - select action Shift-Dir - straight line, f/p - gnoll
Aim: a gnoll, wielding a +0 flail and quivering 2 throwing nets (heavily wounded, 72% to hit)
You shoot a sling bullet.
The sling bullet closely misses the gnoll.
The gnoll hits you with a +0 flail. The gnoll closely misses you.
Fire: q) +11 sling of Eternal Vigilance {venom, rF+ rC+ MP+9}
Press: ? - help, Q - select action Shift-Dir - straight line, f/p - gnoll
Aim: a gnoll, wielding a +0 flail and quivering 2 throwing nets (heavily wounded, 72% to hit)
You shoot a sling bullet.
The sling bullet barely misses the gnoll.
The gnoll hits you with a +0 flail.
Fire: q) +11 sling of Eternal Vigilance {venom, rF+ rC+ MP+9}
Press: ? - help, Q - select action Shift-Dir - straight line, f/p - gnoll
Aim: a gnoll, wielding a +0 flail and quivering 2 throwing nets (heavily wounded, 72% to hit)
You shoot a sling bullet.
The sling bullet barely misses the gnoll.
The gnoll hits you with a +0 flail! The gnoll attacks as you move away!
The gnoll hits you with a +0 flail.
* * * LOW HITPOINT WARNING * * *
The gnoll throws a throwing net.
The throwing net hits you.
You become entangled in the net!
You see here a throwing net.
You struggle against the net.
You cannot shoot with your sling of Eternal Vigilance while held in a net.
You struggle against the net.
The gnoll barely misses you.
It was a potion of degeneration.
There was something very wrong with that liquid.
You feel weakened.
You feel dopey.
You feel clumsy. The gnoll hits you with a +0 flail!
You die...

.......# #.# ####### #....###
.......# #.# #.....####.......
.......# #.###.#.#..........##
'####### #.......#..###.....#
..## #.###.#............##
#..######## #.# #.#.##...........
.....)÷...# #.# #.#.##.......##.#
....#####.###÷###.#.###.##.......
....# #..##..g@...###....####.#
....# ##....>...####.....# #.#
....# ####.....# #..#### #.#
....# #.##### #....# ### ....#
#.# #..#.# ....# ### #...)# ....#
#..### ##### #.## #.#


You could see a gnoll.

Vanquished Creatures
  4 adders (D:2)
  A gnoll (D:3)
  3 dart slugs (D:1)
  A bat (D:2)
  2 endoplasms
  A giant cockroach (D:2)
  10 goblins
  5 hobgoblins (D:1)
  A quokka (D:2)
  3 ball pythons
  4 kobolds
  3 rats (D:2)
38 creatures vanquished.

Notes
Turn   | Place    | Note
-------+----------+-------------------------------------------
     0 | D:1      | Radix the Human Enchanter began the quest for the Orb.
     0 | D:1      | Reached XP level 1. HP: 13/13 MP: 3/3
   444 | D:1      | Reached XP level 2. HP: 12/19 MP: 5/5
   863 | D:1      | Reached XP level 3. HP: 24/24 MP: 6/6
  1237 | D:2      | Reached XP level 4. HP: 27/30 MP: 7/7
  1336 | D:2      | Identified the +11 sling of Eternal Vigilance {venom, rF+
                  | rC+ MP+9}
  1619 | D:2      | Reached skill level 1 in Ranged Weapons
  1839 | D:2      | Slain by a gnoll

Illustrated notes

Levels and vault maps discovered:
D:1:      mrwooster_arrival_statue_2, layout_rooms
D:2:      layout_basic
D:3:      layout_rooms, hellmonk_ecumenical_altar_lost_god, uniq_robin

Skill      XL: |  1  2  3  4 |
---------------+-------------+-----
Short Blades   | 2 3 |  3.7
Ranged Weapons | 1 |  1.5
Dodging        | |  2.0
Stealth        | |  3.0
Spellcasting   | |  2.0
Hexes          | |  3.0

Action                   |  1- 3 |  4- 6 || total
-------------------------+-------+-------++-------
Melee: Dagger            |    85 |     5 ||    90
 Fire: Sling             |       |    22 ||    22
  Use: Potion            |     1 |     1 ||     2
 Stab: Sleeping          |     3 |     3 ||     6
Armor: Leather armour    |    11 |     3 ||    14
Dodge: Dodged            |    27 |    10 ||    37
Block: Other             |    11 |     3 ||    14
